 Dungeon Crawl Stone Soup version 0.27.1-2-g3b301248ec (webtiles) character file.

Game seed: 10801372682403038766

157603 Lett1 the Tortoise (level 16, 0/149 HPs)
             Began as a Minotaur Berserker on Sept 30, 2021.
             Was a High Priest of Trog.
             Slain by a naga warrior (13 damage)
             ... on level 2 of the Snake Pit on Oct 1, 2021.
             The game lasted 01:59:47 (30687 turns).

Lett1 the Tortoise (Minotaur Berserker)            Turns: 30687, Time: 01:59:47

Health: 0/149      AC: 31    Str: 23    XL:     16   Next: 85%
Magic:  15/15      EV:  7    Int:  4    God:    Trog [*****.]
Gold:   1754       SH: 17    Dex: 15    Spells: 15/15 levels left

rFire    + + .     SeeInvis .   I - +9 spear (freeze)
rCold    . . .     Faith    .   Y - +2 kite shield {rC+ rF+}
rNeg     . . .     Spirit   .   O - +2 plate armour
rPois    +         Reflect  .   c - +2 hat
rElec    +         Harm     .   e - +0 cloak {rCorr}
rCorr    +         Rampage  .   V - +2 pair of gloves
Will     ++...                  j - +2 pair of boots
Stlth    ..........             o - amulet of regeneration
HPRegen  1.34/turn              b - ring of fire
MPRegen  0.14/turn              N - ring of Makhleb's Delight {rElec rPois Will+ Str-5 Dex+4}

@: lethally poisoned (0 -> -5), about to teleport, slowed, constricted, very
slow
A: horns 2, retaliatory headbutt, no potion heal 1
}: 1/15 runes: decaying
a: Renounce Religion, Berserk, Trog's Hand, Brothers in Arms


You were on level 2 of the Snake Pit.
You worshipped Trog.
Trog was extremely pleased with you.
You visited 5 branches of the dungeon, and saw 27 of its levels.
You also visited: Ossuary and Gauntlet.

You collected 2185 gold pieces.
You spent 431 gold pieces at shops.

Inventory:

Hand Weapons
 n - a +1 hand axe of electrocution
 I - a +9 spear of freezing (weapon)
 U - a +3 hand axe of venom
 W - a +0 vampiric broad axe
Missiles
 A - 89 poisoned darts (quivered)
 F - 2 throwing nets
Armour
 c - a +2 hat (worn)
 e - a +0 cloak of preservation (worn)
 j - a +2 pair of boots (worn)
 O - a +2 plate armour (worn)
 V - a +2 pair of gloves (worn)
 Y - a +2 kite shield of resistance (worn)
Jewellery
 b - a ring of fire (left hand)
 o - an amulet of regeneration (around neck)
 G - a +6 ring of strength
 N - the ring of Makhleb's Delight (right hand) {rElec rPois Will+ Str-5 Dex+4}
   (You found it in a Gauntlet)

   [ring of willpower]

   Str:       It affects your strength (-5).
   Dex:       It affects your dexterity (+4).
   rElec:     It insulates you from electricity.
   rPois:     It protects you from poison.
   Will:      It increases your willpower.
Wands
 t - a wand of polymorph (21)
 u - a wand of charming (7)
 y - a wand of flame (40)
 H - a wand of digging (7)
 K - a wand of mindburst (12)
 Q - a wand of acid (10)
 S - a wand of paralysis (11)
Scrolls
 a - 2 scrolls of acquirement
 d - 2 scrolls of vulnerability
 g - 2 scrolls of brand weapon
 p - 3 scrolls of holy word
 q - 2 scrolls of blinking
 r - 8 scrolls of noise
 s - 5 scrolls of magic mapping
 v - a scroll of fear
 B - a scroll of torment
 D - 3 scrolls of fog
 L - 6 scrolls of teleportation
 M - a scroll of enchant armour
 P - 2 scrolls of immolation
 X - a scroll of silence
Potions
 f - 2 potions of magic
 h - 5 potions of degeneration
 i - a potion of invisibility
 k - a potion of berserk rage {unknown}
 l - 6 potions of haste
 w - 10 potions of curing
 x - a potion of resistance
 z - 3 potions of brilliance
 C - 2 potions of mutation
 E - 2 potions of might
 J - a potion of ambrosia {unknown}
 R - 2 potions of flight
 T - 2 potions of heal wounds
Miscellaneous
 m - a condenser vane
 Z - a phial of floods


   Skills:
 + Level 15.4 Fighting
 + Level 15.8(16.9) Axes
 + Level 10.8(14.5) Polearms
 + Level 6.1 Throwing
 + Level 17.7 Armour
 + Level 5.0 Dodging
 + Level 3.1 Stealth
 + Level 16.9 Shields
 + Level 0.1 Evocations


You had 15 spell levels left.
You didn't know any spells.
Your spell library was empty.

Dungeon Overview and Level Annotations

Branches:
Dungeon (15/15)            Temple (0/1) D:6            Lair (4/6) D:8
  Swamp (4/4) Lair:3        Snake (3/4) Lair:4          Orc (1/2) D:12
 Vaults (0/5) D:13         Depths (0/5) D:15        Ossuary (visited)
Gauntlet (visited)

Altars:
Cheibriados
Fedhas
Hepliaklqana
Sif Muna
Uskayaw
Vehumet
Wu Jian
Yredelemnul
Beogh

Shops:
D:10 **   D:11 (   D:14 **   Snake:1 (


Innate Abilities, Weirdness & Mutations

You have a pair of horns on your head.
You reflexively headbutt those who attack you in melee.
Potions are less effective at restoring your health.


Message History

You block the splash of poison. The naga mage constricts you.
You hit the naga mage. You freeze the naga mage.
The naga mage is almost dead.
You feel sick.
The naga mage gestures at you while chanting.
The bolt of poison misses you.
The bolt of poison hits the naga warrior!
The naga warrior looks even sicker.
The naga mage constricts you.
The naga warrior hits you but does no damage.
You closely miss the naga mage.
The naga mage is severely wounded.
You feel sick. You block the naga mage's attack. The naga mage constricts you.
The naga warrior hits you with a +0 halberd!!
* * * LOW HITPOINT WARNING * * *
As you read the scroll of teleportation, it crumbles to dust.
You feel strangely unstable.
You feel sick. The naga mage hits you with a +0 club.
* * * LOW HITPOINT WARNING * * *
The naga mage constricts you. You block the naga mage's attack.
The naga mage constricts you. The naga warrior spits poison at you.
The splash of poison hits you but does no damage.
Your system partially rejects the healing.
You feel better. The naga mage casts a spell at you.
The bolt of poison hits you but does no damage.
You are poisoned.
You resist.
The bolt of poison hits the naga warrior.
The naga mage constricts you.
* * * LOW HITPOINT WARNING * * *
The naga warrior hits you with a +0 halberd!
* * * LOW HITPOINT WARNING * * *
The naga mage gestures at you while chanting.
The bolt of poison hits you but does no damage.
You resist.
The bolt of poison hits the naga warrior.
The naga mage constricts you.
The naga warrior hits you with a +0 halberd!
You die...

#...# ##.......###
##..# #.........##
##.# #..........#
#### #........#..
#.# #.......###.
##.# #.......#)<.
##..####....[#([##
##)N#.####.....####
#)@###...##...#####
#N## #.#####.....##
##.###.##.........#
#.................
##....#.#........:.
#.....##...........
##....##...........
##....###..........
#......##..........


You could see a naga warrior (curare, very poisoned, catching breath) and a naga
mage (fast).

Vanquished Creatures
  Nikola (Swamp:1)
  Frances (Snake:1)
  2 thorn hunters (Swamp:4)
  The ghost of Linguinho the Peltast, an adept GrFi of Ashenzari (Swamp:3)
  3 ghouls (Swamp:4)
  Louise (Swamp:1)
  2 bunyips
  3 eleionomae
  Snorg (D:12)
  Josephine (Swamp:1)
  6 naga warriors
  4 vault guards (D:12)
  A catoblepas (Lair:3)
  A ghost crab (Swamp:4)
  4 boulder beetles
  A death knight (D:14)
  3 centaur warriors (D:14)
  An ogre mage (D:10)
  Erica (Lair:2)
  14 hydras
  7 two-headed ogres
  5 tengu warriors
  3 anacondas
  5 alligators
  8 death yaks
  A naga sharpshooter (Snake:1)
  2 shock serpents
  Urug (Lair:2)
  A fire crab (shapeshifter) (D:14)
  A skeletal warrior (D:14)
  3 spriggan druids
  A death drake (Swamp:4)
  4 goliath frogs
  6 swamp dragons
  4 bog bodies
  A naga ritualist (Snake:1)
  4 harpies (D:13)
  3 mana vipers
  An orc knight (D:12)
  2 deep elf pyromancers
  An orc sorcerer (D:12)
  11 ugly things
  5 cyclopes
  7 salamanders
  8 elephants
  7 will-o-the-wisps
  Maurice (D:8)
  3 manticores
  13 black mambas
  5 guardian serpents
  8 naga magi
  A torpor snail (Gauntlet)
  5 gargoyles
  8 cane toads
  2 rime drakes
  An unseen horror (D:13)
  5 komodo dragons
  An ice devil (Gauntlet)
  A freezing wraith (D:14)
  2 polar bears (Lair:3)
  3 meliai (Gauntlet)
  4 trolls
  4 hornets
  12 blink frogs
  8 tyrant leeches
  11 slime creatures
  5 dream sheep (Lair:4)
  4 shadows
  Sigmund (D:4)
  8 wraiths
  4 spriggans
  A spriggan (shapeshifter) (D:14)
  Eustachio (D:6)
  A wyvern (D:10)
  18 yaks
  2 basilisks
  A human (shapeshifter) (D:14)
  17 vampire mosquitoes
  Edmund (D:3)
  18 nagas
  15 swamp worms
  2 acid dragons
  4 wargs
  7 water moccasins
  7 orc warriors
  4 swamp drakes
  A hornet zombie (D:4)
  A black bear (D:5)
  3 sky beasts
  A necrophage (D:6)
  3 ogres
  18 wolves
  9 centaurs
  A phantom (D:6)
  A kobold brigand (D:9)
  16 bullfrogs
  3 gnoll sergeants
  5 scorpions
  4 wights (D:9)
  5 howler monkeys
  An electric eel (Lair:1)
  A bullfrog zombie (D:5)
  2 centaur zombies
  3 hounds
  2 centaur skeletons
  A gnoll shaman (D:5)
  4 orc priests
  A jelly (D:7)
  2 iguanas (D:6)
  A bullfrog skeleton (D:5)
  9 orc wizards
  A killer bee zombie (D:5)
  8 mummies (Ossuary)
  A howler monkey zombie (D:6)
  20 gnolls
  6 adders
  4 white imps
  A worm (D:4)
  3 dart slugs
  35 orcs
  3 bats (D:1)
  5 endoplasms
  A giant cockroach (D:4)
  A gnoll zombie (Ossuary)
  5 goblins
  3 hobgoblins
  2 jackals (D:4)
  A quokka (D:2)
  3 training dummies (Snake:1)
  8 ball pythons
  5 frilled lizards
  2 hobgoblin zombies (Ossuary)
  6 kobolds
  3 kobold zombies (Ossuary)
  2 orc zombies (Ossuary)
  8 rats
  A briar patch (Swamp:4)
609 creatures vanquished.

Vanquished Creatures (collateral kills)
  A thorn hunter (Swamp:3)
  A minotaur (Gauntlet)
  2 eleionomae (Swamp:3)
  Harold (D:8)
  A boulder beetle (D:13)
  A hydra (Swamp:4)
  A centaur warrior (D:13)
  A death yak (Lair:1)
  A naga sharpshooter (Snake:2)
  3 swamp dragons
  A deep elf pyromancer (D:13)
  A manticore (D:13)
  An orc sorcerer (Orc:1)
  A will-o-the-wisp (Swamp:4)
  A bloated husk (Swamp:4)
  A troll (D:11)
  2 vampire mosquitoes
  3 swamp drakes (Swamp:4)
  An orc warrior (D:8)
  A bullfrog (Lair:1)
  An orc priest (D:8)
27 creatures vanquished.

Vanquished Creatures (others)
  A bloated husk (Swamp:1)
  3 briar patches (Swamp:4)
  41 foxfires
  24 fungi
  60 plants
  A withered plant (Gauntlet)
130 creatures vanquished.

Grand Total: 766 creatures vanquished

Notes
Turn   | Place    | Note
-------+----------+-------------------------------------------
     0 | D:1      | Lett1 the Minotaur Berserker began the quest for the Orb.
     0 | D:1      | Reached XP level 1. HP: 19/19 MP: 0/0
   510 | D:1      | Reached XP level 2. HP: 27/27 MP: 1/1
  1333 | D:2      | Found a hazy altar of Hepliaklqana.
  1458 | D:2      | Reached XP level 3. HP: 26/34 MP: 2/2
  1569 | D:2      | Found a faded altar of an unknown god.
  2356 | D:3      | Reached ** piety under Trog
  2496 | D:3      | Reached XP level 4. HP: 41/41 MP: 3/3
  2691 | D:5      | Entered Level 5 of the Dungeon
  2698 | D:5      | Reached skill level 5 in Axes
  2698 | D:5      | Reached skill level 3 in Armour
  2706 | D:5      | Reached XP level 5. HP: 24/47 MP: 4/4
  2855 | D:5      | Reached skill level 4 in Armour
  2862 | D:5      | Found a sand-covered staircase.
  2867 | Ossuary  | Entered an ossuary
  2917 | Ossuary  | Reached XP level 6. HP: 23/55 MP: 5/5
  3351 | Ossuary  | Reached skill level 5 in Fighting
  3555 | D:4      | Reached skill level 1 in Stealth
  3735 | D:4      | Reached XP level 7. HP: 51/61 MP: 6/6
  3741 | D:4      | Reached *** piety under Trog
  3876 | D:4      | Noticed Sigmund
  3876 | D:4      | Noticed Edmund
  4007 | D:3      | Killed Edmund
  4008 | D:3      | Reached skill level 5 in Armour
  4593 | D:4      | Killed Sigmund
  4932 | D:4      | Reached skill level 6 in Armour
  4932 | D:4      | Reached XP level 8. HP: 52/70 MP: 7/7
  5149 | D:5      | Found a shimmering blue altar of Sif Muna.
  5749 | D:6      | Noticed Eustachio
  5761 | D:6      | Killed Eustachio
  5762 | D:6      | Reached skill level 1 in Throwing
  5762 | D:6      | Reached skill level 7 in Armour
  6099 | D:6      | Reached **** piety under Trog
  6100 | D:6      | Reached skill level 8 in Armour
  6185 | D:6      | Reached skill level 10 in Axes
  6185 | D:6      | Reached XP level 9. HP: 78/78 MP: 8/8
  6187 | D:6      | Found a staircase to the Ecumenical Temple.
  7528 | D:8      | Noticed Harold
  7544 | D:8      | Killed Harold
  7545 | D:8      | Reached skill level 9 in Armour
  7775 | D:8      | Reached skill level 10 in Armour
  8264 | D:8      | Noticed Maurice
  8274 | D:8      | Killed Maurice
  8275 | D:8      | Reached XP level 10. HP: 72/88 MP: 9/9
  8844 | D:8      | Found a staircase to the Lair.
  9182 | D:9      | Identified the +7 dagger of Banellakk {elec, *Slow rC+++
                  | Dex+7}
  9222 | D:9      | Reached skill level 11 in Armour
  9324 | D:9      | Reached skill level 1 in Shields
  9406 | D:9      | Noticed a two-headed ogre
  9459 | D:9      | Noticed a two-headed ogre
  9469 | D:10     | Entered Level 10 of the Dungeon
  9641 | D:10     | Noticed an ogre mage
  9646 | D:10     | Paralysed by an ogre mage for 3 turns
  9655 | D:10     | Killed an ogre mage
 10047 | D:10     | Noticed a seven-headed hydra
 10049 | D:10     | Identified the +6 quarterstaff of Pacetef {vorpal, rC+
                  | Will+ Stlth+}
 10049 | D:10     | Noticed a skeletal warrior
 10340 | D:9      | Killed a two-headed ogre
 10341 | D:9      | Reached skill level 12 in Armour
 10341 | D:9      | Reached XP level 11. HP: 77/97 MP: 10/10
 10454 | D:9      | Killed a two-headed ogre
 11230 | D:10     | Found Uteawuq's General Store.
 11250 | D:10     | Found Veoh's Assorted Antiques.
 11261 | D:10     | Bought a scroll of teleportation for 87 gold pieces
 11826 | D:11     | Noticed a boulder beetle
 11839 | D:11     | Killed a boulder beetle
 12027 | D:11     | Reached skill level 5 in Shields
 12214 | D:11     | Found Cyhi's Antique Weapon Boutique.
 12217 | D:11     | Bought a glowing hand axe for 240 gold pieces
 13114 | D:12     | Reached skill level 13 in Armour
 13234 | D:12     | Found a staircase to the Orcish Mines.
 13300 | D:12     | Reached skill level 10 in Fighting
 13693 | D:12     | HP: 1/99 [very large slime creature (29)]
 13967 | D:12     | Noticed Snorg
 13979 | D:12     | Killed Snorg
 14045 | D:12     | Noticed a purple ugly thing
 14052 | D:12     | Killed a purple ugly thing
 14053 | D:12     | Reached XP level 12. HP: 106/107 MP: 11/11
 14400 | D:13     | Found a gate to the Vaults.
 14400 | D:13     | Noticed a vault guard
 14400 | D:13     | Noticed a two-headed ogre
 14400 | D:13     | Noticed a vault guard
 14400 | D:13     | Noticed a vault guard
 14400 | D:13     | Noticed a vault guard
 14438 | D:12     | Killed a vault guard
 14465 | D:12     | Killed a vault guard
 14472 | D:12     | Killed a vault guard
 14576 | D:12     | Killed a vault guard
 14577 | D:12     | Reached skill level 14 in Armour
 14780 | D:13     | Noticed a tengu warrior
 14803 | D:12     | Killed a tengu warrior
 14846 | D:12     | Killed a two-headed ogre
 14903 | D:13     | Noticed a boulder beetle
 14912 | D:13     | Killed a boulder beetle
 15099 | D:13     | Noticed a boulder beetle
 15103 | D:13     | Noticed a centaur warrior
 15119 | D:13     | Killed a centaur warrior
 15122 | D:13     | Killed a boulder beetle
 15165 | D:13     | Found a basalt altar of Yredelemnul.
 15523 | D:13     | Noticed a two-headed ogre
 15537 | D:13     | Killed a two-headed ogre
 15797 | D:13     | Noticed a two-headed ogre
 15799 | D:13     | Noticed a tengu warrior
 15801 | D:13     | Noticed a tengu warrior
 15802 | D:13     | Noticed a tengu warrior
 15806 | D:13     | Noticed a tengu warrior
 15813 | D:13     | Reached XP level 13. HP: 117/117 MP: 12/12
 16038 | D:13     | Reached skill level 15 in Armour
 16289 | D:13     | Found a snail-covered altar of Cheibriados.
 16672 | D:13     | Reached skill level 10 in Shields
 17111 | D:14     | Reached ***** piety under Trog
 17129 | D:14     | Reached skill level 5 in Throwing
 17551 | D:14     | Found Gehuawahi's General Store.
 17553 | D:14     | Found Wantod's Specific Store.
 17564 | D:14     | Bought a scroll of teleportation for 48 gold pieces
 17664 | D:14     | Found a hide-covered altar of Uskayaw.
 18000 | D:15     | Entered Level 15 of the Dungeon
 18004 | D:15     | Found a staircase to the Depths.
 18004 | D:15     | Noticed a stone giant
 18053 | Orc:1    | Entered Level 1 of the Orcish Mines
 18199 | Orc:1    | Paralysed by an orc sorcerer for 2 turns
 18200 | Orc:1    | Gained mutation: Potions are less effective at restoring
                  | your health. [a neqoxec]
 18351 | D:12     | Reached XP level 14. HP: 121/127 MP: 13/13
 18510 | Lair:1   | Entered Level 1 of the Lair of Beasts
 19138 | Lair:1   | Reached skill level 15 in Axes
 20025 | Lair:2   | Reached skill level 1 in Polearms
 20141 | Lair:2   | Noticed Erica
 20154 | Lair:2   | Killed Erica
 20154 | Lair:2   | Received a gift from Trog
 20230 | Lair:2   | Reached skill level 16 in Armour
 20634 | Lair:2   | Noticed Urug
 20649 | Lair:2   | Killed Urug
 21016 | Lair:3   | Found a radiant altar of Vehumet.
 21837 | Lair:3   | Found a staircase to the Swamp.
 22160 | Lair:4   | Found a gate leading to a gauntlet.
 22175 | Gauntlet | Entered a Gauntlet
 22175 | Gauntlet | Found a transporter.
 22188 | Gauntlet | Found a transporter.
 22189 | Gauntlet | Found a transporter.
 22207 | Gauntlet | Found a transporter.
 22208 | Gauntlet | Found a transporter.
 22221 | Gauntlet | Found a transporter.
 22242 | Gauntlet | Found a transporter.
 22252 | Gauntlet | Found a transporter.
 22259 | Gauntlet | Noticed a reaper
 22262 | Gauntlet | Found a transporter.
 22269 | Gauntlet | Found a transporter.
 22271 | Gauntlet | Found a transporter.
 22272 | Gauntlet | Found a transporter.
 22314 | Gauntlet | Found a transporter.
 22491 | Gauntlet | Identified the ring "Facvis" {rN+ Int+2 Stlth+}
 22548 | Gauntlet | Found a transporter.
 22552 | Gauntlet | Identified the ring of Makhleb's Delight {rElec rPois Will+
                  | Str-5 Dex+4}
 22585 | Gauntlet | Received a gift from Trog
 22604 | Gauntlet | Identified the +2 pair of gloves of Sin {-Tele rElec rPois
                  | rCorr}
 22741 | Swamp:1  | Entered Level 1 of the Swamp
 22741 | Swamp:1  | Noticed Josephine
 22788 | Swamp:1  | Killed Josephine
 22790 | Swamp:1  | Noticed Nikola
 22818 | Swamp:1  | Killed Nikola
 22819 | Swamp:1  | Reached XP level 15. HP: 102/137 MP: 14/14
 23074 | Swamp:1  | Identified the amulet of Jaxytem {Acrobat Harm *Slow Will-
                  | rCorr}
 23593 | Swamp:1  | Noticed Louise
 23635 | Swamp:1  | Killed Louise
 24430 | Swamp:3  | Found a large runed translucent door.
 24432 | Swamp:3  | Found a large runed translucent door.
 24435 | Swamp:3  | Noticed Linguinho's ghost (adept GrFi)
 24472 | Swamp:3  | Killed Linguinho's ghost
 24473 | Swamp:3  | Reached skill level 15 in Shields
 24519 | Swamp:3  | Identified a scroll of acquirement
 24766 | Swamp:4  | Entered Level 4 of the Swamp
 24804 | Swamp:4  | Reached skill level 5 in Polearms
 24862 | Swamp:4  | Identified the +5 hand axe of Obbavev {holy, rElec MP-9
                  | Str-3 Int+7}
 24899 | Swamp:4  | Reached skill level 17 in Armour
 25173 | Swamp:4  | Noticed a thorn hunter
 25173 | Swamp:4  | Noticed a thorn hunter
 25446 | Swamp:3  | Noticed a thorn hunter
 25459 | Swamp:3  | Killed a thorn hunter
 25839 | Swamp:4  | Reached XP level 16. HP: 93/147 MP: 15/15
 25909 | Swamp:4  | Killed a thorn hunter
 26207 | Swamp:4  | Killed a thorn hunter
 26424 | Swamp:4  | Got a decaying rune of Zot
 26824 | Lair:4   | Found a staircase to the Snake Pit.
 26833 | Snake:1  | Entered Level 1 of the Snake Pit
 26845 | Snake:1  | Found a blossoming altar of Fedhas.
 27017 | Snake:1  | Found Diupukk's Firing Range.
 27037 | Snake:1  | Reached skill level 15 in Fighting
 27410 | Snake:1  | Noticed Frances
 27441 | Snake:1  | Killed Frances
 27443 | Snake:1  | Found a blossoming altar of Fedhas.
 28090 | Snake:1  | Found an ornate altar of the Wu Jian Council.
 28333 | Snake:2  | Reached skill level 5 in Dodging
 28338 | Snake:2  | Reached skill level 10 in Polearms
 29611 | D:14     | Bought a scroll of magic mapping for 56 gold pieces
 30687 | Snake:2  | Slain by a naga warrior

Illustrated notes

Levels and vault maps discovered:
D:1:      roderic_lyre, layout_basic
D:2:      layout_basic, basic_altar, shapermc_ecumenical_altar_rom_forum
D:3:      layout_rooms
D:4:      layout_cave_pools, kennysheep_orc_chapel, uniq_sigmund, uniq_edmund
D:5:      layout_cave_pools, lemuel_crystal_altar, enter_ossuary_2,
          minmay_misc_feat_iff
D:6:      layout_gridville, minmay_temple_entry_glassed_door, uniq_eustachio
D:7:      layout_rooms
D:8:      layout_loops_ring, grunt_lair_entry_orc_guard_hut, uniq_harold,
          uniq_maurice
D:9:      layout_rooms, hex_intersection
D:10:     minmay_the_grid_triangle_9x9_rhombus_thin
          [minmay_the_grid_triangle_9x9_odd_lines,
          minmay_the_grid_triangle_9x9_prize_schism,
          minmay_the_grid_triangle_9x9_intruding_spiral,
          minmay_the_grid_triangle_9x9_skeleton], layout_loops_ring,
          serial_shops, nicolae_shop_statue_plus, shop, nicolae_square_shop
D:11:     layout_loops_ring, serial_shops, shop
D:12:     layout_loops_ring, orc_0_dummy, uniq_snorg
D:13:     layout_grid_maze, lightli_vaults_fourway_checkpoint,
          hangedman_feature_mirror, hangedman_aviary
D:14:     layout_stronghold, nicolae_uskayaw_murder_on_the_dancefloor,
          nicolae_specific_store, minmay_misc_feat_tiny
D:15:     grunt_enter_depths_giant_problem, layout_cave_pods, serial_park_tiny_2
Lair:1:   layout_layer_cave, serial_bayou_pond_d, serial_bayou_pond_a,
          serial_bayou_shore_b, grunt_megastairs_5
Lair:2:   layout_loops_ring, uniq_erica, uniq_urug
Lair:3:   layout_cave_pods, skrybe_swamp_entry_bodies, basic_altar
Lair:4:   layout_cellular_growth, dummy_snake_entry, gauntlet_entry_generic,
          serial_forest, infiniplex_forest_straight_2,
          infiniplex_forest_side_room, infiniplex_forest_lined_4_way,
          infiniplex_forest_clump_medium, infiniplex_forest_straight_2,
          infiniplex_forest_clump_curved, infiniplex_forest_clump_small,
          infiniplex_forest_lined_3, infiniplex_forest_clump_medium,
          serial_bayou_shore_b
Swamp:1:  layout_basic_swamp, serial_swamp_ruin, evilmike_swamp_ruin_house_5,
          evilmike_swamp_ruin_house_1, swamp_pool1, uniq_louise, uniq_josephine,
          uniq_nikola
Swamp:2:  layout_falls_marsh, evilmike_swamp_ruin_rubble_2
Swamp:3:  layout_basic_swamp, ebering_ghost_disaster_area,
          hangedman_swamp_blocks
Swamp:4:  swamp, layout_basic_swamp, nicolae_swamp_wisp_ring_woods
Snake:1:  layout_cave_pods, basic_altar, hangedman_feature_mirror,
          nicolae_shop_firing_range, uniq_frances
Snake:2:  layout_chambers
Snake:3:  layout_gridlike, serial_bayou_pond_e, grunt_ministairs_2,
          nicolae_snake_gridmaze_swirls, minmay_shop_grove
Orc:1:    layout_caves

Skill      XL: |  1  2  3  4  5  6  7  8  9 10 11 12 13 14 15 16 |
---------------+-------------------------------------------------+-----
Fighting       | 4 5 6 8 9 10 11 12 13 14 15 | 15.4
Axes           | 4 5 6 7 8 10 11 12 13 14 15 | 15.8
Armour         | 3 4 6 8 10 12 13 14 15 16 17 | 17.7
Stealth        | 1 2 3 |  3.1
Dodging        | 3 4 5 |  5.0
Throwing       | 1 2 3 4 5 6 |  6.1
Shields        | 4 6 8 11 14 15 16 | 16.9
Polearms       | 2 7 10 | 10.8
Evocations     | |  0.1

Action                   |  1- 3 |  4- 6 |  7- 9 | 10-12 | 13-15 | 16-18 || total
-------------------------+-------+-------+-------+-------+-------+-------++-------
Melee: Hand axe          |    90 |    77 |   226 |   615 |  1061 |       ||  2069
       Headbutt          |    11 |    16 |    40 |   174 |   387 |   154 ||   782
       Spear             |       |       |       |       |   499 |   762 ||  1261
Throw: Dart              |       |       |    14 |    24 |    50 |     4 ||    92
       Throwing net      |       |       |     1 |     3 |     6 |       ||    10
Invok: Berserk           |       |       |     2 |     7 |     7 |     5 ||    21
       Brothers in Arms  |       |       |     1 |     4 |    11 |     3 ||    19
       Trog's Hand       |       |       |       |     4 |     4 |       ||     8
Evoke: Wand              |       |       |       |       |     2 |       ||     2
  Use: Potion            |     1 |     1 |     1 |     2 |     6 |     2 ||    13
       Scroll            |       |     7 |     2 |     9 |    14 |    12 ||    44
 Stab: Sleeping          |     1 |       |       |       |       |       ||     1
       Held in net/web   |       |       |       |       |     2 |       ||     2
       Distracted        |       |       |       |       |     2 |       ||     2
Armor: Animal skin       |     5 |       |       |       |       |       ||     5
       Chain mail        |    35 |    41 |   101 |    20 |       |       ||   197
       Plate armour      |       |       |       |   247 |   532 |   242 ||  1021
Dodge: Dodged            |    38 |    27 |    67 |   130 |   297 |   143 ||   702
Block: Kite shield       |       |       |     1 |   258 |   885 |   326 ||  1470
